Unix NetHack Version 5.0.0-0 post-release - last build May 17 2026 04:57:42 (dc50c8380fa5e20985bfe3072449f57b8d9895ef,branch:main).

Game began 2026-05-20 18:48:05, ended 2026-05-20 18:57:30.

ArrBianca, neutral female human Healer

                                             -----
                                        -. ---..G|
                                         -....<..|
                                         |.......---
                                    |  - -...---^..|    --
                                    #....... --#G).---- .---  ...----
                                    |..............)..................-
                                -- --......  ----hf[)...........-------
                              -..................@....-- ........-
                               --  -.|...............--    .......-
                                    --..............--     - .......-
                                   ...........--..---          ........
                              ...... ---.....- |0.|              ........-
                             ---   -   --.---   ---              -- | ....|
                                        --                            - ..-

ArrBianca the Rhizotomist    St:7 Dx:10 Co:13 In:13 Wi:16 Ch:16  Neutral
Dlvl:4  $:1307 HP:0(23) Pw:3(15) AC:8  Xp:2 T:1471  Burdened

Latest messages:
 You finally wriggle free.
 Komo bites the gnome.
 The gnome misses Komo.
 The gnome picks up a hooded cloak.
 You see here a cursed runed dagger.
 Komo bites the gnome.
 The gnome is killed!
 Komo misses the gnome.
 Komo bites the gnome.
 Komo bites the gnome.
 The gnome is killed!
 Komo eats a gnome corpse.
 The gnome shoots an arrow!
 You are hit by an arrow!
 In what direction? .
 You feel better.
 You hear crashing rock.
 The gnome shoots an arrow!
 You are hit by an arrow.
 You miss the dwarf.
 You miss the dwarf.
 The dwarf swings his broad pick.
 The dwarf hits!
 You miss the dwarf.
 You hit the dwarf.
 You are beginning to feel weak.
 Komo misses the dwarf.
 Komo misses the dwarf.
 Komo misses the dwarf.
 You don't have enough energy to cast that spell.
 Are you waiting to get hit?  Use 'm' prefix to force a no-op (to rest).
 What do you want to eat? [lst or ?*] t
 This food really hits the spot!
 Komo misses the dwarf.
 You stop eating the food ration.
 You miss the dwarf.
 Komo misses the dwarf.
 The dwarf swings his broad pick.
 The dwarf misses!
 You miss the dwarf.
 Komo misses the dwarf.
 Komo misses the dwarf.
 Komo misses the dwarf.
 You miss the dwarf.
 Komo misses the dwarf.
 The dwarf swings his broad pick.
 The dwarf hits!
 You die...
 Do you want your possessions identified? [ynq] (y) y
 Do you want to see your attributes? [ynq] (y) q

Inventory:
 Coins    ('$')
  $ - 1307 gold pieces
 Weapons  (')')
  m - a +0 sling
  E - 8 +0 darts (at the ready)
  a - a +0 scalpel (weapon in right hand)
 Armor    ('[')
  b - an uncursed +1 pair of leather gloves (being worn)
  y - an uncursed +0 dwarvish cloak (being worn)
 Comestibles  ('%')
  l - 6 uncursed apples
  t - an uncursed food ration
  F - an uncursed partly eaten food ration
  s - an uncursed lichen corpse
 Spellbooks  ('+')
  o - an uncursed spellbook of clairvoyance
  D - an uncursed spellbook of confuse monster
  j - a blessed spellbook of extra healing
  i - a blessed spellbook of healing
  k - a blessed spellbook of stone to flesh
 Potions  ('!')
  g - a blessed potion of extra healing
  f - 4 uncursed potions of extra healing
  A - an uncursed potion of hallucination
  e - a blessed potion of healing
  d - 3 uncursed potions of healing
  u - an uncursed potion of restore ability
  B - a blessed potion of sleeping
  n - an uncursed potion of water
 Wands    ('/')
  q - a wand of digging (0:4)
  h - a wand of sleep (0:4)
 Tools    ('(')
  z - an uncursed lock pick
  x - a magic marker (0:45)
  w - a cursed oil lamp
  c - an uncursed stethoscope
 Gems/Stones  ('*')
  C - an uncursed worthless piece of black glass

ArrBianca the Healer's attributes:

Background:
 You were a Rhizotomist, a level 2 female human Healer.
 You were neutral, nominally on a mission for Hermes
 who was opposed by Athena (lawful) and Poseidon (chaotic).
 You were right-handed.
 You were in the Gnomish Mines, on level 4.
 You entered the dungeon 1471 turns ago.
 You had 30 experience points, 10 more were needed to attain level 3.

Basics:
 You had 0 out of 23 hit points.
 You had 3 out of 15 energy points (spell power).
 Your armor class was 8.
 Your wallet contained 1307 zorkmids.
 Autopickup was on for '$?!/="+%' plus thrown, with exceptions.

Final Characteristics:
 Your strength was 7 (limit:18/100).
 Your dexterity was 10 (limit:18).
 Your constitution was 13 (limit:18).
 Your intelligence was 13 (limit:18).
 Your wisdom was 16 (limit:18).
 Your charisma was 16 (limit:18).

Final Status:
 You weren't hungry.
 You were burdened; movement was slightly slowed.
 You were wielding a knife.
 You had basic skill with knife.

Final Attributes:
 You were devoutly aligned.
 Your items were somewhat protected from fire.
 Your items were somewhat protected from cold.
 You were poison resistant.
 You were warded.
 You are dead.

Miscellaneous:
 You didn't encounter any bones levels.
 Total elapsed playing time was 9 minutes and 25 seconds.

Major events:
 Turn
    1: ArrBianca the neutral female human Healer entered the dungeon
 1419: entered the Gnomish Mines
 1471: killed by a dwarf

Spells:
 Name                 Level Category     Fail Retention
 healing                1   healing        0%  91%-100%
 extra healing          3   healing       54%  91%-100%
 stone to flesh         3   healing       64%  91%-100%
 confuse monster        1   enchantment    0%  76%-100%
 clairvoyance           3   divination   100%  76%-100%

Skills:
 Fighting Skills
   bare handed combat [Unskilled]
 Weapon Skills
   dagger             [Unskilled]
   knife              [Basic]
   short sword        [Unskilled]
   saber              [Unskilled]
   club               [Unskilled]
   mace               [Unskilled]
   quarterstaff       [Unskilled]
   polearms           [Unskilled]
   spear              [Unskilled]
   trident            [Unskilled]
   sling              [Unskilled]
   dart               [Unskilled]
   shuriken           [Unskilled]
   unicorn horn       [Unskilled]
 Spellcasting Skills
   healing spells     [Basic]

Voluntary challenges:
 Character rerolling was not enabled.
 You were an atheist.
 You never genocided any monsters.
 You never polymorphed an object.
 You never changed form.
 You used no wishes.
Achievements:
 You entered a shop.
 You entered the Gnomish Mines.

 The Dungeons of Doom: levels 1 to 3
    Level 1:
       A grave.
    Level 2:
       A general store, some fountains.
    Level 3:
       A sink.
       Stairs down to The Gnomish Mines.
 The Gnomish Mines:
    Level 4: <- You were here.
       Final resting place for
          you, killed by a dwarf.


Vanquished creatures:
  a shrieker
  a dwarf
 an acid blob
  2 hobbits
  4 giant rats
  3 gnomes
  a gecko
  3 jackals
  2 goblins
  2 sewer rats
  3 grid bugs
  2 lichens
  a kobold zombie
  8 newts
34 creatures vanquished.

No species were genocided or became extinct.

Game over:
                       ----------
                      /          \
                     /    REST    \
                    /      IN      \
                   /     PEACE      \
                  /                  \
                  |    ArrBianca     |
                  |     1307 Au      |
                  |   killed by a    |
                  |      dwarf       |
                  |                  |
                  |                  |
                  |       2026       |
                 *|     *  *  *      | *
        _________)/\\_//(\/(/\)/\//\/|_)_______

Goodbye ArrBianca the Healer...

You died in The Gnomish Mines on dungeon level 4 with 270 points,
and 1307 pieces of gold, after 1471 moves.
You were level 2 with a maximum of 23 hit points when you died.

